 Dungeon Crawl Stone Soup version 0.25.1-2-g60ff931df9 (webtiles) character file.

Game seed: 14613139231667976850

21550 hawla the Cleaver (level 12, 0/108 HPs)
             Began as a Minotaur Berserker on Oct 4, 2020.
             Was a Priest of Trog.
             Succumbed to Sonja's poison
             ... on level 12 of the Dungeon.
             The game lasted 00:48:28 (19340 turns).

hawla the Cleaver (Minotaur Berserker)             Turns: 19340, Time: 00:48:28

Health: 0/108      AC: 13    Str: 30    XL:     12   Next: 55%
Magic:  11/11      EV: 12    Int: 10    God:    Trog [***...]
Gold:   528        SH:  0    Dex: 11    Spells: 11/11 levels left

rFire    + . .     SeeInvis .   P - +2 battleaxe (vorpal)
rCold    + + +     Gourm    .   (shield currently unavailable)
rNeg     . . .     Faith    .   J - +0 plate armour
rPois    +         Spirit   .   (helmet restricted)
rElec    +         Reflect  +   (no cloak)
rCorr    +         Harm     .   f - +0 pair of gloves
MR       +++..                  (no boots)
Stlth    ..........             K - amulet "Jaqocij" {Reflect MP-9 Str+4 Int+6 SH+5}
HPRegen  1.28/turn              D - ring of Kode {rF- rC++ MR+ MP+9 Stlth+}
MPRegen  0.12/turn              y - ring of protection from fire

@: mighty, lethally poisoned (0 -> -3), resistant, corroded, regenerating,
slowed, very slow
A: retaliatory headbutt, horns 2
a: Berserk, Trog's Hand, Renounce Religion


You were on level 12 of the Dungeon.
You worshipped Trog.
Trog was most pleased with you.
You were not hungry.

You visited 2 branches of the dungeon, and saw 13 of its levels.
You also visited: Bailey.

You collected 768 gold pieces.
You spent 240 gold pieces at shops.

Inventory:

Hand Weapons
 O - a +1 great mace
 P - a +2 vorpal battleaxe (weapon)
 Q - the +9 shortbow "Tefrear" {venom, Int+5}
   (You took it off a skeletal warrior on level 12 of the Dungeon)

   It poisons the ammo it fires.
   It affects your intelligence (+5).
Missiles
 l - 47 poisoned darts (quivered)
 m - 6 boomerangs
 u - 22 javelins
Armour
 f - a +0 pair of gloves (worn)
 J - a +0 plate armour (worn)
Jewellery
 y - a ring of protection from fire (right hand)
 B - an uncursed ring of flight
 C - an uncursed amulet of faith
 D - the ring of Kode (left hand) {rF- rC++ MR+ MP+9 Stlth+}
   (You took it off an orc in a bailey)

   [ring of magical power]

   It makes you vulnerable to fire.
   It greatly protects you from cold.
   It affects your resistance to hostile enchantments.
   It affects your magic capacity (+9).
   It makes you more stealthy.
 F - the amulet of Propriety {Acrobat +Inv}
   (You took it off a deep elf mage on level 12 of the Dungeon)

   [amulet of the acrobat]

   It helps you evade while moving and waiting.
   It lets you turn invisible.
 K - the amulet "Jaqocij" (around neck) {Reflect MP-9 Str+4 Int+6 SH+5}
   (You took it off a skeletal warrior on level 12 of the Dungeon)

   [amulet of reflection]

   It shields you and reflects attacks.
   It affects your strength (+4).
   It affects your intelligence (+6).
   It affects your magic capacity (-9).
   It affects your SH (+5).
 L - a cursed ring of teleportation {unknown}
Wands
 e - a wand of acid (15)
 o - a wand of enslavement (5)
 p - a wand of iceblast (11)
 t - a wand of digging (21)
 A - a wand of clouds (6)
 E - a wand of random effects (23)
 N - a wand of flame (11)
Scrolls
 a - 2 scrolls of magic mapping
 j - a scroll of acquirement {unknown}
 q - 2 scrolls of enchant armour
 r - 3 scrolls of identify
 s - 6 scrolls of remove curse
 S - a scroll of enchant weapon
Potions
 d - a potion of ambrosia {unknown}
 g - 2 potions of might
 h - a potion of magic
 i - 3 potions of haste
 n - 3 potions of mutation {unknown}
 x - a potion of flight
 z - 2 potions of berserk rage
 G - 3 potions of cancellation
 I - a potion of invisibility
 M - a potion of stabbing {unknown}
Miscellaneous
 H - a tin of tremorstones (2/3)
Comestibles
 c - 8 rations


   Skills:
 + Level 10.9 Fighting
 + Level 12.7(13.8) Axes
 + Level 9.6(12.4) Maces & Flails
 + Level 5.0 Throwing
 + Level 12.3 Armour
 + Level 9.2 Dodging
 + Level 0.8 Evocations


You had 11 spell levels left.
You didn't know any spells.
Your spell library was empty.

Dungeon Overview and Level Annotations

Branches:
Dungeon (12/15)            Temple (1/1) D:7            Lair (0/6) D:11
    Orc (0/2) D:12         Bailey (visited)

Altars:
Ashenzari
Cheibriados
Dithmenos
Elyvilon
Fedhas
Gozag
Hepliaklqana
Kikubaaqudgha
Makhleb
Nemelex Xobeh
Okawaru
Qazlal
Ru
Sif Muna
Trog
Uskayaw
Vehumet
Wu Jian
Xom
Yredelemnul
Zin
The Shining One
Jiyva

Shops:
D:5 :   D:6 }

Annotations:
D:3 2 transporters, reptisaurus's ghost, novice KoCK
D:12 Sonja


Innate Abilities, Weirdness & Mutations

You reflexively headbutt those who attack you in melee.
You have a pair of horns on your head.


Message History

The acid dragon is severely wounded.
* * * LOW HITPOINT WARNING * * *
You feel very sick.
The acid dragon bites you but does no damage.
The acid dragon claws you.
* * * LOW HITPOINT WARNING * * *
The acid dragon spits acid at you. The splash of acid misses you.
You slash the acid dragon!
The acid dragon is almost dead.
* * * LOW HITPOINT WARNING * * *
You feel very sick.
The acid dragon bites you but does no damage.
The acid dragon claws you but does no damage.
Sonja mumbles some strange words.
Sonja blinks!
Okay, then.
As you read the scroll labeled EHIXZUE IRHYDAY, it crumbles to dust.
The scroll dissolves into smoke.
It was a scroll of fog.
You die...

#.......†.........###'###..###.
#.......).......#.........## #.
#...............#...####..# #.
#........§......#...# #..# #.
#...............#...# #..# #.
#...............#...# #..# #.
#...........§...#...# #..# #.
............D§§#...####..# #.
............§@§#.........####.
...........§§§...............
########################


You could see an acid dragon (catching breath).

Vanquished Creatures
  A hydra (D:12)
  4 two-headed ogres
  A skeletal warrior (D:12)
  3 ugly things
  A deep elf mage (D:12)
  2 cyclopes (D:12)
  2 gargoyles (D:12)
  A kobold demonologist (D:12)
  A yaktaur (D:12)
  2 polar bears (D:10)
  3 trolls
  2 hippogriffs
  A centaur simulacrum (D:10)
  2 wyverns
  20 yaks
  A soldier ant (D:12)
  3 wargs (D:11)
  A black bear (D:7)
  11 orc warriors
  5 ice beasts
  3 sky beasts
  2 necrophages
  An eye of draining (D:12)
  6 ogres
  A phantom (D:12)
  2 wolves (D:10)
  13 centaurs
  5 bullfrogs
  A gnoll sergeant (D:12)
  A wyvern skeleton (D:11)
  3 scorpions
  7 killer bees
  7 wights
  3 howler monkeys
  2 electric eels (D:10)
  2 crimson imps
  A bullfrog zombie (D:10)
  6 jellies
  A bullfrog skeleton (D:8)
  9 orc priests
  4 hounds
  A gnoll shaman (D:8)
  2 iguanas
  12 worker ants
  Natasha (D:2)
  A bullfrog simulacrum (D:10)
  20 adders
  17 gnolls
  A howler monkey simulacrum (D:10)
  2 oozes
  An ufetubus (D:10)
  An adder skeleton (D:7)
  6 worms
  3 dart slugs
  8 leopard geckos
  65 orcs
  10 bats
  9 giant cockroaches
  12 goblins
  7 hobgoblins
  2 jackals (D:9)
  4 quokkas
  A ball python (D:6)
  7 frilled lizards
  A jackal skeleton (D:5)
  7 kobolds
  2 leopard gecko skeletons
  2 quokka zombies
  14 rats
366 creatures vanquished.

Vanquished Creatures (collateral kills)
  A hydra (D:7)
  A two-headed ogre (D:7)
  A gargoyle (D:12)
  A troll (D:12)
  2 yaks (D:7)
  5 orc warriors
  A necrophage (D:7)
  4 ogres
  A centaur (D:7)
  2 big kobolds (D:12)
  2 gnoll sergeants (D:12)
  A scorpion (D:7)
  An orc wizard (D:7)
  9 gnolls
  3 orcs
35 creatures vanquished.

Vanquished Creatures (others)
  An unseen horror (D:12)
  A two-headed ogre (D:12)
  11 plants
13 creatures vanquished.

Grand Total: 414 creatures vanquished

Notes
Turn   | Place    | Note
-------+----------+-------------------------------------------
     0 | D:1      | hawla the Minotaur Berserker began the quest for the Orb.
     0 | D:1      | Reached XP level 1. HP: 19/19 MP: 0/0
   215 | D:1      | Reached XP level 2. HP: 26/27 MP: 1/1
   478 | D:1      | Reached XP level 3. HP: 28/33 MP: 2/2
   663 | D:1      | Reached ** piety under Trog
  1335 | D:2      | Reached XP level 4. HP: 39/40 MP: 3/3
  1344 | D:2      | Reached skill level 5 in Axes
  1394 | D:2      | Found a burning altar of Makhleb.
  1718 | D:2      | Found a stormy altar of Qazlal.
  1848 | D:2      | Noticed Natasha
  1857 | D:2      | Killed Natasha
  1857 | D:2      | Reached XP level 5. HP: 30/47 MP: 4/4
  1985 | D:2      | Reached *** piety under Trog
  2259 | D:3      | Found a glowing golden altar of the Shining One.
  2714 | D:3      | Found an iron altar of Okawaru.
  2781 | D:3      | Found a transporter.
  2830 | D:3      | Found a transporter.
  2845 | D:3      | Noticed reptisaurus's ghost (novice KoCK)
  3033 | D:3      | Found a bloodstained altar of Trog.
  3036 | D:3      | Found a shadowy altar of Dithmenos.
  3054 | D:3      | Found a sacrificial altar of Ru.
  3300 | D:4      | Got a bound graven amulet
  3304 | D:4      | Identified the amulet of Lady Luck {RegenMP MP+9 Str+8
                  | Dex-3} (You found it on level 4 of the Dungeon)
  3368 | D:4      | Reached XP level 6. HP: 43/53 MP: 5/5
  3442 | D:4      | Reached skill level 5 in Fighting
  3613 | D:3      | Reached **** piety under Trog
  3666 | D:3      | Reached skill level 1 in Maces & Flails
  3666 | D:3      | Reached skill level 1 in Throwing
  3722 | D:4      | Reached XP level 7. HP: 15/61 MP: 6/6
  4149 | D:4      | Found a hide-covered altar of Uskayaw.
  4474 | D:5      | Entered Level 5 of the Dungeon
  4550 | D:5      | Found a hazy altar of Hepliaklqana.
  4698 | D:5      | Found Meyck's Book Emporium.
  4889 | D:5      | Found a shattered altar of Ashenzari.
  5115 | D:6      | Found an ancient bone altar of Kikubaaqudgha.
  5115 | D:6      | Found a blossoming altar of Fedhas.
  5178 | D:6      | Reached skill level 5 in Dodging
  5208 | D:6      | Found Ole Touj's Gadget Emporium.
  5345 | D:6      | Bought a wand of enslavement (7) for 108 gold pieces
  5345 | D:6      | Bought a wand of iceblast (7) for 132 gold pieces
  5593 | D:6      | Reached XP level 8. HP: 58/70 MP: 7/7
  6272 | D:6      | Found an opulent altar of Gozag.
  6451 | D:7      | Found a staircase to the Ecumenical Temple.
  6489 | D:7      | Reached skill level 5 in Armour
  6608 | D:7      | Noticed a hippogriff
  6616 | D:7      | Killed a hippogriff
  6987 | D:7      | Reached XP level 9. HP: 69/79 MP: 8/8
  7498 | D:7      | Noticed a seven-headed hydra
  7505 | D:7      | Noticed a two-headed ogre
  7509 | D:7      | Killed a two-headed ogre
  7510 | D:7      | Killed a seven-headed hydra
  7510 | D:7      | Reached skill level 10 in Axes
  8209 | D:8      | Reached XP level 10. HP: 44/88 MP: 9/9
  8595 | D:8      | HP: 4/88 [poisoned by a gnoll]
  8602 | D:8      | HP: 4/88 [poisoned by a gnoll]
  8610 | D:8      | HP: 4/88 [poisoned by a gnoll]
  9156 | D:8      | Reached skill level 5 in Maces & Flails
  9569 | D:8      | Noticed a two-headed ogre
  9577 | D:8      | Killed a two-headed ogre
  9766 | D:9      | Found a blossoming altar of Fedhas.
  9864 | D:9      | Found a snail-covered altar of Cheibriados.
 10254 | D:9      | Found a snail-covered altar of Cheibriados.
 11149 | Temple   | Entered the Ecumenical Temple
 11375 | D:10     | Entered Level 10 of the Dungeon
 11377 | D:10     | Found a flagged portal.
 11393 | Bailey   | Entered a bailey
 12158 | Bailey   | Identified the ring of Kode {rF- rC++ MR+ MP+9 Stlth+}
 12433 | Bailey   | Reached XP level 11. HP: 97/97 MP: 10/10
 13167 | D:10     | Got a pitted flail
 13168 | D:10     | Identified the cursed +2 flail of Wicaonom {venom, Str+4
                  | Dex-4} (You found it on level 10 of the Dungeon)
 13254 | D:10     | Reached ***** piety under Trog
 14638 | D:11     | Found a staircase to the Lair.
 14909 | D:11     | Noticed a green ugly thing
 14926 | D:11     | Killed a green ugly thing
 15386 | D:11     | Reached skill level 10 in Armour
 15744 | D:11     | Noticed a two-headed ogre
 15755 | D:11     | Killed a two-headed ogre
 15755 | D:11     | Received a gift from Trog
 16014 | D:7      | Noticed a two-headed ogre
 16019 | D:7      | Killed a two-headed ogre
 16142 | D:11     | Reached skill level 10 in Fighting
 16143 | D:11     | Noticed a two-headed ogre
 16153 | D:11     | Killed a two-headed ogre
 16970 | D:12     | Noticed a white ugly thing
 16978 | D:12     | Killed a white ugly thing
 17121 | D:12     | Found a staircase to the Orcish Mines.
 17167 | D:12     | Reached XP level 12. HP: 33/106 MP: 11/11
 18010 | D:12     | Noticed a six-headed hydra
 18016 | D:12     | Noticed a two-headed ogre
 18023 | D:12     | Killed a six-headed hydra
 18388 | D:12     | Identified the amulet of Propriety {Acrobat +Inv}
 18400 | D:12     | Identified the +9 shortbow "Tefrear" {venom, Int+5}
 18400 | D:12     | Identified the amulet "Jaqocij" {Reflect MP-9 Str+4 Int+6
                  | SH+5}
 19017 | D:12     | Reached skill level 5 in Throwing
 19317 | D:12     | Noticed Sonja
 19338 | D:12     | HP: 5/108 [poisoned by Sonja]
 19338 | D:12     | HP: 2/108 [acid dragon (3)]
 19340 | D:12     | Succumbed to Sonja's poison

Illustrated notes

Levels and vault maps discovered:
D:1:      heliophobic_arrival_henge, layout_loops_corners, serial_bayou_crossing
D:2:      layout_rooms, grunt_qazlal_sundering, nrook_loot_triangle, hex_tiny,
          bloody_makhleb, uniq_natasha
D:3:      minmay_spotlight, layout_loops_ring, grunt_temple_overflow_cloverleaf,
          tso_metal_star, gammafunk_ghost_gnarly_gnolls
D:4:      layout_cave_pools, lemuel_crystal_altar, first_ration
D:5:      layout_rooms, lemuel_round_altar, serial_shops,
          nicolae_shop_statue_plus, minmay_misc_feat_iff,
          cheibrodos_ashenzari_chains
D:6:      layout_basic, grunt_temple_overflow_growth_and_decay,
          nicolae_gozag_cash_rules_everything_around_me, serial_shops, shop,
          minmay_misc_feat_ornament, hex_medium
D:7:      layout_layer_cave, minmay_temple_entry_glass, minmay_shattered_shrine
D:8:      layout_basic
D:9:      layout_loops_cross, kennysheep_mini_moat, basic_altar,
          fedhas_ov_isle_minmay
D:10:     layout_irregular_city, serial_ice, serial_ice_k, serial_ice_o,
          serial_ice_m, serial_ice_a, enter_bailey_6
D:11:     layout_loops_corners, erik_lair_orcish_takeover
D:12:     minmay_the_grid_octo_tiled_squarecenter
          [minmay_the_grid_octo_concentric, minmay_the_grid_octo_horde,
          minmay_the_grid_octo_chip, minmay_the_grid_octo_fan_narrow,
          minmay_the_grid_square_5x5_megaprize_checkered,
          minmay_the_grid_square_5x5_misaligned,
          minmay_the_grid_square_5x5_tri_point,
          minmay_the_grid_square_5x5_bridge, minmay_the_grid_square_5x5_fat_x],
          layout_long_grid, kennysheep_orc_monster_closet_entryway, uniq_sonja
Temple:   pf_slime_end_temple

Skill      XL: |  1  2  3  4  5  6  7  8  9 10 11 12 |
---------------+-------------------------------------+-----
Axes           | 4 5 6 7 8 10 11 12 | 12.7
Fighting       | 4 5 6 7 8 9 10 | 10.9
Dodging        | 3 4 5 6 7 9 |  9.2
Armour         | 3 6 7 9 11 12 | 12.3
Maces & Flails | 1 2 4 5 8 9 |  9.6
Throwing       | 1 3 4 5 |  5.0
Evocations     | |  0.8

Action                   |  1- 3 |  4- 6 |  7- 9 | 10-12 || total
-------------------------+-------+-------+-------+-------++-------
Melee: Hand axe          |    72 |   138 |       |       ||   210
       Headbutt          |    10 |    29 |    46 |    90 ||   175
       Flail             |       |    28 |    38 |    85 ||   151
       War axe           |       |       |   148 |   119 ||   267
       Battleaxe         |       |       |       |   135 ||   135
       Great mace        |       |       |       |   116 ||   116
Throw: Dart              |       |     6 |       |    82 ||    88
       Boomerang         |       |       |       |    84 ||    84
Invok: Trog's Hand       |       |       |     2 |     2 ||     4
       Berserk           |       |       |     1 |     1 ||     2
       Brothers in Arms  |       |       |     4 |     5 ||     9
Evoke: Wand              |       |       |       |    21 ||    21
       Tin of tremorston |       |       |       |     1 ||     1
  Use: Scroll            |     6 |     3 |     6 |    11 ||    26
       Potion            |     2 |     2 |     2 |     8 ||    14
 Stab: Invisible         |       |     1 |       |       ||     1
  Eat: Chunk             |     1 |     6 |    15 |    13 ||    35
       Ration            |       |     1 |     1 |     7 ||     9
Armor: Animal skin       |    15 |     5 |       |       ||    20
       Leather armour    |       |    16 |     2 |       ||    18
       Scale mail        |       |       |    20 |       ||    20
       Ring mail         |       |       |     4 |       ||     4
       Skin              |       |       |    49 |    12 ||    61
       Chain mail        |       |       |    62 |    63 ||   125
       Plate armour      |       |       |       |   223 ||   223
Dodge: Dodged            |    52 |   133 |   133 |   321 ||   639
